[Event "*** Titled Tuesday Blitz"]
[Site "Chess.com"]
[Date "2018.11.06"]
[Round "6"]
[White "Grieve72"]
[Black "Gr3egor"]
[Result "1-0"]
[WhiteElo "2323"]
[BlackElo "2480"]
[TimeControl "180+2"]
[EndTime "14:22:09 PST"]
[Termination "Grieve72 won by resignation"]

1. d4 Nf6 2. Bg5 d5 3. Bxf6 exf6 4. e3 Bf5 5. g3 c6 6. Bg2 Qb6 7. b3 Bb4+ 8. Kf1 Nd7 9. Ne2 O-O 10. c3 Bd6 11. c4 dxc4 12. bxc4 Qa6 13. Nd2 Bd3 14.
Qb3 Bg6 15. h4 h6 16. h5 Bf5 17. e4 Bh7 18. Bh3 Rad8 19. Kg2 Rfe8 20. Nc3 c5 21. d5 Nb6 22. Rhe1 Be5 23. f4 Bd4 24. Rac1 Qa5 25. Qc2 Qb4 26. Nb5 a6 27. Rb1 Qa5 28. Nb3 Qa4 29. Nc7 Re7 30. Nxd4 cxd4 31. Qxa4 Nxa4 32. Rxb7 d3 33. f5 Nc5 34. Ra7 Kh8 35.
Kf3 Bg8 36. Nb5 Re5 37. Nd4 d2 38. Rd1 Nxe4 39. Nc6 Ng5+ 40. Kg2 Re2+ 41. Kf1 Rde8 42.
Bg4 Re1+ 43. Kf2 Ne4+ 44. Kg2 Rxd1 45. Bxd1 Nc3 46. Bc2 Bh7 47. g4 g6 48. d6 gxf5 49.
d7 Rg8 50. d8=Q Rxd8 51. Nxd8 fxg4 52. Nxf7+ Kg7 53. Nd6+ Kf8 54. Rxh7 1-0

[Event "*** Titled Tuesday Blitz"]
[Site "Chess.com"]
[Date "2018.11.06"]
[Round "6"]
[White "LastGladiator1"]
[Black "abubakrtagelsir"]
[Result "1-0"]
[WhiteElo "2620"]
[BlackElo "2365"]
[TimeControl "180+2"]
[EndTime "14:22:10 PST"]
[Termination "LastGladiator1 won by checkmate"]

1. d4 d5 2. c4 c6 3. Nc3 Nf6 4. Nf3 dxc4 5. a4 Bf5 6. e3 e6 7. Bxc4 Bb4 8. O-O Nbd7 9. Qe2 O-O 10. e4 Bg6 11. e5 Nd5 12. Nxd5 cxd5 13. Bd3 Rc8 14.
Bxg6 fxg6 15. Bd2 Bxd2 16. Qxd2 Nb8 17. Rac1 Qd7 18. b3 Qe7 19. Qg5 Qa3 20. Rxc8 Rxc8 21.
Qh4 h6 22. Qg4 Kf7 23. Qf4+ Kg8 24. Qg4 Kf7 25. Nh4 g5 26. Qh5+ Kg8 27. Ng6 Nc6 28.
h4 gxh4 29. Qxh4 Qxb3 30. Qg4 Re8 31. Nf4 Nd8 32. Nh5 Re7 33. f4 Qe3+ 34. Kh2 Kh8 35.
f5 Qg5 36. Qh3 Rf7 37. f6 g6 38. Nf4 h5 39. Nxe6 Nxe6 40. Qxe6 Qh4+ 41. Kg1 Qxd4+ 42. Rf2 Qd1+ 43. Rf1 Qd4+ 44. Rf2 Qa1+ 45. Kh2 Kg8 46. Qe8+ Kh7 47. Qxf7+ Kh6 48. Qg7+ Kg5 49. f7 Qxa4 50.
Qf6+ Kh6 51. f8=Q+ Kh7 52. Q8h8# 1-0

[Event "*** Titled Tuesday Blitz"]
[Site "Chess.com"]
[Date "2018.11.06"]
[Round "6"]
[White "albi1999"]
[Black "mikhaillushenkov"]
[Result "1/2-1/2"]
[WhiteElo "2470"]
[BlackElo "2663"]
[TimeControl "180+2"]
[EndTime "14:22:16 PST"]
[Termination "Game drawn by agreement"]

1. d4 Nf6 2. c4 e6 3. g3 Bb4+ 4. Bd2 c5 5. Bxb4 cxb4 6. Bg2 O-O 7. a3 bxa3 8. Nxa3 Nc6 9. Nf3 b6 10. Nb5 Qe7 11. O-O a5 12. d5 exd5 13. cxd5 Nb4 14. d6 Qd8 15. Ne5 Rb8 16. Rc1 Bb7 17. Bxb7 Rxb7 18. Qd4 h6 19. Rc7 Rb8 20. Rfc1 Na6 21.
R7c3 Nc5 22. Nc7 Nfe4 23. Re3 Ng5 24. Nd5 Nge6 25. Qg4 Qg5 26. Qxg5 hxg5 27. Rc4 Rb7 28. h4 f6 29. Ne7+ Kh7 30. hxg5 fxg5 31. N5g6 Rf6 32. Ne5 a4 33. Nd5 Rf8 34. g4 g6 35. Ne7 Rf4 36. Rh3+ Kg7 37. Rc1 Re4 38. N7xg6 Rxe2 39. Kg2 Nf4+ 40. Nxf4 gxf4 41. Nf3 Rxf2+ 42. Kxf2 Nd3+ 43.
Ke2 Nxc1+ 44. Kd2 Nb3+ 45. Kc3 Nc5 46. Ne5 Ne4+ 47. Kd4 Nxd6 48. Kd5 Nf7 49. Nxf7 Kxf7 50. Rf3 b5 51. Rxf4+ Kg6 52. Rb4 Kg5 53. Kc5 Ra7 54.
Kxb5 a3 55. bxa3 Rxa3 56. Rd4 Rg3 57. Rxd7 Rxg4 58. Rg7+ 1/2-1/2

[Event "*** Titled Tuesday Blitz"]
[Site "Chess.com"]
[Date "2018.11.06"]
[Round "6"]
[White "Bryakin_Mikhail"]
[Black "Rakhmanov_Aleksandr"]
[Result "0-1"]
[WhiteElo "2699"]
[BlackElo "2877"]
[TimeControl "180+2"]
[EndTime "14:22:17 PST"]
[Termination "Rakhmanov_Aleksandr won by resignation"]

1. d4 Nf6 2. c4 d6 3. Nf3 g6 4. Nc3 Bf5 5. Ng5 Bg7 6. e4 Bd7 7. f4 e5 8. fxe5 dxe5 9. d5 O-O 10.
Bd3 Na6 11. O-O Nc5 12. Bc2 a5 13. Be3 b6 14. b3 Ng4 15. Bd2 f5 16. exf5 gxf5 17.
h3 Nh6 18. Be3 e4 19. Qd2 Qf6 20. Ne2 Qg6 21. Rad1 Nf7 22. Nxf7 Rxf7 23. Bd4 Raf8 24. Bxg7 Rxg7 25. Nf4 Qd6 26. Qe3 Be8 27. Rf2 Kh8 28.
Rdf1 Rfg8 29. Kh1 Qe5 30. Ne2 Bd7 31. Qd4 Qxd4 32. Nxd4 f4 33. Re2 f3 34. gxf3 Bxh3 35.
Rff2 exf3 36. Nxf3 Bg4 37. Rd2 Bxf3+ 38. Rxf3 Nb7 39.
Kh2 Nd6 40. Rh3 Rf8 41. Rg2 Rxg2+ 42. Kxg2 Rf7 43. Rf3 Kg7 44. Rxf7+ Nxf7 45. Kf3 h6 46.
Kf4 Kf6 47. a3 Ne5 48. Be4 a4 49. bxa4 Nxc4 50. Bd3 Nb2 51. Bb5 Nd1 52. Ke4 Nc3+ 53. Kd4 Nxb5+ 54. axb5 h5 55. d6 cxd6 56. Kd5 h4 57.
Kxd6 h3 58. Kc6 h2 59. Kxb6 h1=Q 60. a4 Ke7 61. a5 Kd8 62. Ka7 Kc8 63. a6 Qh7+ 64.
Ka8 Qc7 0-1

[Event "*** Titled Tuesday Blitz"]
[Site "Chess.com"]
[Date "2018.11.06"]
[Round "6"]
[White "Vamostodorecto"]
[Black "Peroncio"]
[Result "0-1"]
[WhiteElo "2434"]
[BlackElo "2635"]
[TimeControl "180+2"]
[EndTime "14:22:17 PST"]
[Termination "Peroncio won by resignation"]

1. d4 f5 2. e4 fxe4 3. Nc3 Nf6 4. Bg5 g6 5. f3 d5 6. fxe4 Nxe4 7. Nxe4 dxe4 8. Bc4 Nc6 9. Ne2 Na5 10. Bb3 Nxb3 11. axb3 Qd5 12. Be3 Bg4 13. O-O Bg7 14. c4 Qh5 15.
Re1 O-O 16. Qd2 Bxe2 17. Rxe2 a6 18. Ra5 Rf5 19. d5 Raf8 20. Ra1 Be5 21. h3 Qh4 22.
Bf2 Bg3 23. Bxg3 Qxg3 24. Qe3 Qxe3+ 25. Rxe3 Rf2 26. Rxe4 Rxb2 27. Rf1 Rxf1+ 28. Kxf1 Kf7 29. Re3 a5 30. Rf3+ Ke8 31. Kg1 Kd7 32. Kh2 a4 33.
bxa4 Rb4 34. Rc3 Rxa4 35. Kg3 b6 36. Kf3 Kd6 37. Ke4 b5 38. Kd3 Rxc4 39. Rxc4 bxc4+ 40. Kxc4 e6 41. dxe6 Kxe6 42. Kc5 Kf5 43. Kc6 Kf4 44.
Kxc7 Kg3 45. Kd6 Kxg2 46. h4 Kh3 47. h5 g5 48. Ke5 g4 49. Kf6 g3 50. Kg7 g2 51.
Kxh7 g1=Q 52. h6 Qb1+ 53. Kh8 Qb8+ 54. Kg7 Qc7+ 55. Kg8 Qd8+ 56. Kg7 Qe7+ 57. Kg8 Qg5+ 58. Kh7 Kg2 0-1

[Event "*** Titled Tuesday Blitz"]
[Site "Chess.com"]
[Date "2018.11.06"]
[Round "6"]
[White "Chessialist"]
[Black "dragosceres"]
[Result "1-0"]
[WhiteElo "2518"]
[BlackElo "2403"]
[TimeControl "180+2"]
[EndTime "14:22:18 PST"]
[Termination "Chessialist won by checkmate"]

1. e4 e5 2. Nf3 Nc6 3. Bb5 a6 4. Ba4 Nge7 5. c3 g6 6. O-O Bg7 7. d3 O-O 8. Nbd2 b5 9. Bc2 d5 10. Re1 d4 11. cxd4 Nxd4 12. Nxd4 exd4 13. f4 c5 14. Nf3 Nc6 15. a4 Rb8 16. axb5 axb5 17.
Bd2 c4 18. h3 f5 19. exf5 Bxf5 20. dxc4 bxc4 21. Bxf5 Rxf5 22. Qc2 Qd5 23. Ra4 c3 24. bxc3 dxc3 25. Be3 Qb3 26. Qxb3+ Rxb3 27. Rc4 Nb4 28. Bc5 Nd3 29. Re8+ Kf7 30. Re7+ Kg8 31. Bd4 Bf8 32. Rec7 Nxf4 33. Bxc3 Ne2+ 34. Kf2 Nxc3 35. Rxc3 Rb2+ 36.
Rc2 Rxc2+ 37. Rxc2 Bc5+ 38. Ke2 Kf7 39. Kd3 Be7 40.
Ke4 Ra5 41. Ne5+ Kg7 42. Rc7 Ra4+ 43. Kd5 Kf6 44. Nc6 Bf8 45. Rxh7 Ra2 46. Rh4 Rxg2 47. Rf4+ Kg7 48. Ke6 Re2+ 49. Ne5 Bc5 50. Rf7+ Kh6 51. Kd5 Bb4 52. h4 Bc3 53. Nd3 Kh5 54. Nf4+ Kxh4 55. Nxe2 g5 56. Nxc3 g4 57. Ne4 g3 58. Rg7 Kh3 59. Rxg3+ Kh2 60. Kd4 Kh1 61. Ke3 Kh2 62.
Kf2 Kh1 63. Rh3# 1-0

[Event "*** Titled Tuesday Blitz"]
[Site "Chess.com"]
[Date "2018.11.06"]
[Round "6"]
[White "JeremDev"]
[Black "tomozupan"]
[Result "0-1"]
[WhiteElo "2262"]
[BlackElo "2180"]
[TimeControl "180+2"]
[EndTime "14:22:21 PST"]
[Termination "tomozupan won by resignation"]

1. e4 e5 2. Nf3 Nc6 3. d4 exd4 4. Bc4 Bc5 5. O-O d6 6. h3 Nf6 7. c3 dxc3 8. Nxc3 O-O 9. Bg5 h6 10. Bh4 Ne5 11. Nxe5 dxe5 12. Qf3 g5 13. Bg3 Qe7 14.
Rac1 c6 15. Rfd1 a5 16. Na4 Bd4 17. Rxd4 exd4 18. Nb6 Ra7 19. Bb8 Ra6 20. Bxa6 bxa6 21. Rxc6 Be6 22. Bd6 Qb7 23. Bxf8 Qxc6 24. Qxf6 Kxf8 25.
Qxh6+ Ke8 26. Qh8+ Ke7 27. Qxd4 Qc1+ 28. Kh2 Qf4+ 29.
g3 Qf3 30. Nd5+ Bxd5 31. exd5 Kd6 32. Qb6+ Ke5 33. Qe3+ Qxe3 34. fxe3 Kxd5 35. Kg2 Ke4 36. Kf2 a4 37. g4 Kd3 38. Kf3 Kc2 39. b3 a3 40. Ke2 Kb2 41. Kd2 Kxa2 42. Kc2 Ka1 43. b4 f6 44. e4 Ka2 45. e5 fxe5 46. Kc3 Kb1 47. b5 axb5 0-1

[Event "*** Titled Tuesday Blitz"]
[Site "Chess.com"]
[Date "2018.11.06"]
[Round "6"]
[White "ruvat"]
[Black "Keaton87"]
[Result "0-1"]
[WhiteElo "2313"]
[BlackElo "2470"]
[TimeControl "180+2"]
[EndTime "14:22:25 PST"]
[Termination "Keaton87 won by resignation"]

1. d4 Nf6 2. c4 e6 3. g3 d5 4. Nf3 c5 5. cxd5 Nxd5 6. Bg2 Be7 7. O-O O-O 8. dxc5 Bxc5 9. a3 Nc6 10. b4 Be7 11. Bb2 Bf6 12. Qb3 Bxb2 13. Qxb2 Qf6 14.
Qxf6 gxf6 15. e4 Nb6 16. Nbd2 Ne5 17. Nxe5 fxe5 18. Rfc1 Bd7 19. Rc7 Bc6 20. Nb3 Rae8 21. Na5 Na8 22. Rxc6 bxc6 23. Nxc6 a6 24. Bf1 Nc7 25.
a4 Kg7 26. b5 axb5 27. axb5 Ra8 28. Rxa8 Nxa8 29. Nxe5 Rd8 30. Nc6 Rd1 31. Kg2 Rb1 32.
g4 Nc7 33. Nd4 Rb4 34. b6 Rxb6 35. Kf3 Rb4 36. Nc6 Rb1 37. Bd3 Rb3 38. Ke2 Kf6 39.
f4 Nb5 40. Bxb5 Rxb5 41. g5+ Kg7 42. Ne5 Rb2+ 43. Kf3 Rxh2 44. Ng4 Rh3+ 45. Kf2 Rb3 46. Kg2 Kg6 47. Kf2 Kg7 48. Kg2 Kf8 49. Nf6 Kg7 50. Ng4 Ra3 51. Nf6 Kg6 52. Ng4 Kh5 53. Ne5 Kh4 54.
Nxf7 Kg4 55. Nd8 Ra2+ 56. Kf1 Ra6 57. f5 exf5 58. e5 Kxg5 59. Kf2 f4 60. Kf3 Kf5 61. e6 Ra3+ 62. Kf2 Kf6 63. Kg2 Ke7 64. Nf7 Rg3+ 65. Kf2 Kxe6 0-1

[Event "*** Titled Tuesday Blitz"]
[Site "Chess.com"]
[Date "2018.11.06"]
[Round "6"]
[White "TST2014"]
[Black "Artooooo"]
[Result "1-0"]
[WhiteElo "2511"]
[BlackElo "2724"]
[TimeControl "180+2"]
[EndTime "14:22:32 PST"]
[Termination "TST2014 won by resignation"]

1. d4 g6 2. e4 Bg7 3. Nf3 d6 4. Be2 a6 5. a4 b6 6. O-O Bb7 7.
Nc3 Nf6 8. Bd3 O-O 9. Bg5 Nc6 10. d5 Nb4 11. Qd2 Nxd3 12. cxd3 Re8 13. Bh6 Bh8 14. a5 bxa5 15. Rfc1 c6 16. dxc6 Bxc6 17. Ne2 Bb5 18. Nfd4 a4 19. Nxb5 axb5 20. Qb4 Qa5 21.
Qxa5 Rxa5 22. Bd2 Ra7 23. f3 Nd7 24. d4 Nb6 25. b3 Rea8 26. bxa4 Rxa4 27. Rxa4 bxa4 28.
Bc3 e6 29. Kf2 d5 30. Ke3 Bf6 31. Kd3 Be7 32. Ba1 g5 33. Rc6 Rb8 34. Nc3 Bb4 35.
Na2 Nc4 36. Ra6 Ba5 37. exd5 exd5 38. Nc3 Bxc3 39. Bxc3 a3 40. Ra7 Re8 41. Rd7 Kg7 42. Rxd5 a2 43. Kxc4 Re2 44. Rxg5+ Kf6 45. h4 Rc2 46.
Ra5 Rxg2 47. d5+ Kf5 48. d6+ Ke6 49. Ra6 Rh2 50. Bb4 Rxh4+ 51. Kb5 Rf4 52. Rxa2 Rxf3 53.
Kc6 1-0

[Event "*** Titled Tuesday Blitz"]
[Site "Chess.com"]
[Date "2018.11.06"]
[Round "6"]
[White "florianschwabeneder"]
[Black "Vuk2000"]
[Result "0-1"]
[WhiteElo "2473"]
[BlackElo "2690"]
[TimeControl "180+2"]
[EndTime "14:22:37 PST"]
[Termination "Vuk2000 won by resignation"]

1. e4 d5 2. exd5 Qxd5 3. Nc3 Qd6 4. g3 Nf6 5. Bg2 c6 6. d3 Bg4 7. Nf3 e6 8. h3 Bh5 9. O-O Qc7 10. Bf4 Bd6 11.
Bxd6 Qxd6 12. Qd2 Bxf3 13. Bxf3 Nbd7 14. Bg2 O-O 15. Rab1 a5 16. a3 a4 17. f4 Ra5 18.
Rbe1 Rd8 19. Kh2 Qc7 20. Qf2 b5 21. Ne4 Qa7 22. Qe2 Qc7 23. Ng5 Nf8 24. Nf3 c5 25.
Ne5 Ra6 26. Qf2 b4 27. Ra1 N8d7 28. Nc4 Nb6 29. Ne5 Nbd7 30. Nc4 Rb8 31. Kh1 Ra7 32.
Rae1 Nb6 33. Ne5 Nbd5 34. f5 Ra6 35. g4 exf5 36. Qxf5 h6 37. Nc4 Rd8 38. Re5 Ne7 39.
Qf2 Rc8 40. Rfe1 Ng6 41. Rf5 Re6 42. Rxe6 fxe6 43. Rf3 Rd8 44. Re3 Qd7 45. Ne5 Nxe5 46. Rxe5 b3 47. cxb3 axb3 48. Qxc5 Qxd3 49. Rxe6 Qb1+ 50.
Kh2 Qxb2 51. Re7 Rd2 52. Qc8+ Kh7 53. Qf5+ Kh8 54. Qc8+ Ng8 55. Qb7 Rxg2+ 56. Qxg2 Qxg2+ 57. Kxg2 Nxe7 0-1

[Event "*** Titled Tuesday Blitz"]
[Site "Chess.com"]
[Date "2018.11.06"]
[Round "6"]
[White "santosalberto1987"]
[Black "TomsKantans"]
[Result "1/2-1/2"]
[WhiteElo "2403"]
[BlackElo "2485"]
[TimeControl "180+2"]
[EndTime "14:22:39 PST"]
[Termination "Game drawn - insufficient material"]

1. e4 c5 2. Nf3 Nf6 3. Nc3 Nc6 4. d4 d5 5. exd5 Nxd5 6. Bc4 Nxc3 7. bxc3 e6 8. O-O Be7 9. Qe2 O-O 10. Rd1 Qc7 11. Bd3 b6 12. Qe4 g6 13. Bf4 Bd6 14.
Bxd6 Qxd6 15. Qh4 Bb7 16. Qh6 Qe7 17. Ng5 f6 18. Nxe6 Qxe6 19. d5 Qf7 20. dxc6 Bxc6 21. Qf4 Kg7 22. Bc4 Qb7 23. f3 Rad8 24. Rd6 Rxd6 25. Qxd6 Re8 26. Rd1 Qc8 27. h4 h5 28.
Ba6 Qe6 29. Qxe6 Rxe6 30. Bc4 Re3 31. Rd6 Rxc3 32. Bb3 Bb5 33. a4 c4 34. axb5 cxb3 35. cxb3 Rxb3 36. Rd7+ Kh6 37. Rxa7 Rxb5 38. Kh2 Rb4 39.
Kg3 g5 40. hxg5+ Kxg5 41. Rb7 h4+ 42. Kh3 Kf5 43. g3 hxg3 44. Kxg3 Ke5 45. Rb8 b5 46. Rb7 Rb1 47. Rb6 f5 48. Rb8 Kd4 49. Kf4 b4 50. Kxf5 b3 51. f4 Kc3 52. Ke6 Re1+ 53. Kd5 Rd1+ 54. Ke6 Rd4 55. f5 Rb4 56. Rxb4 Kxb4 57.
f6 b2 58. f7 b1=Q 59. f8=Q+ Kc3 60. Qc8+ Kb2 61. Qb7+ Ka1 62. Qxb1+ Kxb1 1/2-1/2

[Event "*** Titled Tuesday Blitz"]
[Site "Chess.com"]
[Date "2018.11.06"]
[Round "6"]
[White "Denis_Makhnyov"]
[Black "maximlavrov"]
[Result "0-1"]
[WhiteElo "2788"]
[BlackElo "2600"]
[TimeControl "180+2"]
[EndTime "14:22:40 PST"]
[Termination "maximlavrov won by checkmate"]

1. d4 g6 2. Nf3 Bg7 3. Bf4 d6 4. e3 Nf6 5. h3 O-O 6. Be2 c5 7. Nbd2 cxd4 8. exd4 Nc6 9. c3 Qc7 10.
O-O e5 11. dxe5 dxe5 12. Bh2 Be6 13. Nc4 Rad8 14. Qc1 Nd5 15. Re1 f6 16. Bf1 Bf7 17. Nd4 Rfe8 18. Nxc6 Qxc6 19. a4 b6 20. Ne3 Nc7 21. a5 b5 22. Be2 a6 23. c4 bxc4 24.
Nxc4 Ne6 25. Nb6 Qb7 26. Bc4 Nd4 27. Bxf7+ Qxf7 28. Ra3 Bf8 29. Ra4 Qb3 30. Qc4+ Qxc4 31. Rxc4 Nb3 32. Ra4 Nxa5 33. Rxa5 Bb4 34. Raa1 Bxe1 35.
Rxe1 Rd4 36. b3 Rb8 37. Nc4 Rxb3 38. Ne3 a5 39. Ng4 Kf7 40. Nxf6 Rdb4 41. Bxe5 Rb1 42.
Rxb1 Rxb1+ 43. Kh2 Ke6 44. f4 h5 45. Ne4 Rb4 46. Nc5+ Kd5 47. Nd3 Rb3 48. Nc1 Re3 49. Na2 Kc4 50. Kg1 a4 51. Kf2 Rb3 52. Ke2 a3 53. Nc1 Rb2+ 54. Kf3 Rb1 55. Ne2 a2 56. g4 h4 57. g5 Kd3 58. f5 Rf1+ 59. Kg2 Rxf5 60.
Nc1+ Ke3 61. Ba1 Rxg5+ 62. Kf1 Rc5 63. Nxa2 Ra5 64. Bf6 Rxa2 65. Bxh4 Kf3 66. Kg1 g5 67. Be1 Ra1 68. Kf1 Rb1 69. h4 g4 70. Kg1 g3 71.
Kf1 g2+ 72. Kg1 Rxe1+ 73. Kh2 Rh1# 0-1

[Event "*** Titled Tuesday Blitz"]
[Site "Chess.com"]
[Date "2018.11.06"]
[Round "6"]
[White "BIG_Pirate"]
[Black "murmah2003"]
[Result "1/2-1/2"]
[WhiteElo "2398"]
[BlackElo "2494"]
[TimeControl "180+2"]
[EndTime "14:22:46 PST"]
[Termination "Game drawn - insufficient material"]

1. Nf3 c5 2. c4 Nc6 3. Nc3 g6 4. g3 Bg7 5. Bg2 e6 6. O-O Nge7 7. d4 cxd4 8. Nb5 d5 9. cxd5 exd5 10. Nbxd4 O-O 11. b3 Bg4 12. Bb2 Bxf3 13. Bxf3 Qb6 14. Nxc6 bxc6 15. Bxg7 Kxg7 16. Rc1 Rfd8 17. Qc2 Rac8 18.
Qc5 Qc7 19. Rfd1 Qd6 20. Qxa7 c5 21. Qa3 d4 22. e3 Qf6 23. Bg4 dxe3 24. fxe3 Rxd1+ 25. Rxd1 Rc6 26. Rd2 Qg5 27. Qb2+ Kh6 28. Bf3 Qxe3+ 29.
Kg2 Rf6 30. Qxf6 Qxd2+ 31. Kh3 Nf5 32. Bg4 Ne3 33. Bf3 Qd7+ 34. g4 Qe6 35. Qxe6 fxe6 36. a4 c4 37. bxc4 Nxc4 38. Kg3 Kg5 39. h4+ Kf6 40.
Kf4 e5+ 41. Ke4 Ke6 42. Be2 Nd6+ 43. Kd3 Kd5 44. Kc3 Kc5 45. Bd3 Nb7 46. h5 gxh5 47.
gxh5 h6 48. Bf5 Nd6 49. Bg6 Nc4 50. Bd3 Nb6 51. a5 Nd5+ 52. Kd2 Nc7 53. Ke3 Nd5+ 54. Ke4 Nf6+ 55. Kxe5 Nxh5 56. Kf5 Ng3+ 57. Kg4 Ne4 58.
Bxe4 Kb5 59. Bd3+ Kxa5 60. Kh5 Kb4 61. Kxh6 1/2-1/2

[Event "*** Titled Tuesday Blitz"]
[Site "Chess.com"]
[Date "2018.11.06"]
[Round "6"]
[White "evgenysharapov"]
[Black "Alopekos"]
[Result "0-1"]
[WhiteElo "2400"]
[BlackElo "2479"]
[TimeControl "180+2"]
[EndTime "14:22:49 PST"]
[Termination "Alopekos won by resignation"]

1. c4 e5 2. Nc3 Nc6 3. Nf3 Nf6 4. g3 Bc5 5. Bg2 d6 6. O-O a6 7. e3 O-O 8. d4 Ba7 9. h3 Re8 10.
b3 Bf5 11. Bb2 exd4 12. Nxd4 Nxd4 13. exd4 Ne4 14. Nxe4 Bxe4 15. Qd2 Bxg2 16. Kxg2 d5 17. Rfe1 Qd7 18. Rxe8+ Rxe8 19. Re1 Rxe1 20. Qxe1 h6 21. Qe5 c6 22. g4 Qd8 23. cxd5 cxd5 24. Ba3 Bb8 25. Qf5 Bc7 26. Bc5 Bb8 27. a4 Bc7 28.
Qf3 Bb8 29. Qe3 Qd7 30. f4 Bc7 31. Kf3 Bb8 32. f5 Qc7 33. Qe8+ Kh7 34. Ke2 Qh2+ 35. Kd1 Bf4 36. Qe2 Qxh3 37. Kc2 Qe3 38. Qxe3 Bxe3 39. Kd3 Bf4 40. Ke2 g6 41. Kf3 Bc7 42. Be7 h5 43. gxh5 gxf5 44. Bg5 Bd6 45. Bf4 Bf8 46. Be3 Bh6 47.
Bxh6 Kxh6 48. Kf4 Kxh5 49. Kxf5 b5 50. axb5 axb5 51. Kf6 Kg4 52. Ke5 f5 53. Kxd5 f4 54.
Kc6 f3 55. d5 f2 56. d6 f1=Q 57. d7 Qf3+ 58. Kc7 Qf4+ 59. Kb7 Qd6 60. Kc8 Qc6+ 61. Kd8 Kf5 62. Ke7 Qe6+ 0-1

[Event "*** Titled Tuesday Blitz"]
[Site "Chess.com"]
[Date "2018.11.06"]
[Round "6"]
[White "GhostOfGreenval"]
[Black "VerdeNotte"]
[Result "1/2-1/2"]
[WhiteElo "2703"]
[BlackElo "2816"]
[TimeControl "180+2"]
[EndTime "14:23:00 PST"]
[Termination "Game drawn by agreement"]

1. d4 Nf6 2. Bf4 b6 3. c4 Bb7 4. Nc3 e6 5. a3 g6 6. e3 Bg7 7.
Nf3 O-O 8. Be2 d6 9. O-O Nbd7 10. h3 Qe7 11. Bh2 Ne4 12. Nxe4 Bxe4 13. Nd2 Bb7 14.
Bf3 Bxf3 15. Qxf3 e5 16. Rfe1 Rae8 17. dxe5 Nxe5 18. Qe2 a5 19. Rad1 a4 20. Ne4 Nxc4 21.
Qxc4 Qxe4 22. Qxc7 Rc8 23. Qxd6 Bxb2 24. Qxb6 Bxa3 25.
Rd4 Qc2 26. Qb5 Ra8 27. Red1 Be7 28. R1d2 Qc3 29. Rd7 Bf6 30. R7d3 Qa1+ 31. Rd1 Qb2 32. Qxb2 Bxb2 33. Bd6 Rfd8 34. Ba3 Rxd3 35. Rxd3 Bxa3 36. Rxa3 Kf8 37. Kf1 Ke7 38. Ke2 Kd6 39. Kd3 Kc5 40.
Kc3 g5 41. Ra1 h5 42. Rh1 a3 43. Ra1 g4 44. hxg4 hxg4 45. f3 a2 46. Kb3 Kd5 47.
Rxa2 Rxa2 48. Kxa2 Kc4 49. e4 g3 50. Kb2 Kd4 51. Kc2 Ke3 52. e5 Kf4 53. Kd3 Kxe5 54. Ke3 Kf5 55. Kd3 Kf4 56. Kd2 Kf5 57. Kd3 Ke5 58. Ke3 Kf5 59. f4 Kg4 60. Ke4 f6 61.
Ke3 Kh5 62. Kf3 Kh4 63. f5 Kg5 64. Kxg3 Kxf5 65. Kf3 Kg5 66. Kg3 f5 1/2-1/2

[Event "*** Titled Tuesday Blitz"]
[Site "Chess.com"]
[Date "2018.11.06"]
[Round "6"]
[White "IvanRadivojevic"]
[Black "Me_ch_an"]
[Result "1-0"]
[WhiteElo "2404"]
[BlackElo "2215"]
[TimeControl "180+2"]
[EndTime "14:23:07 PST"]
[Termination "IvanRadivojevic won on time"]

1. e4 c5 2. Nc3 a6 3. g3 b5 4. Bg2 Bb7 5. d3 e6 6. f4 Nf6 7.
Nh3 d5 8. Nf2 b4 9. Ne2 dxe4 10.
Nxe4 Nxe4 11. Bxe4 Bxe4 12. dxe4 Qxd1+ 13. Kxd1 Nc6 14. c3 Be7 15. Kc2 O-O 16. Be3 Rac8 17. Rhd1 Rfd8 18. Rxd8+ Rxd8 19. Rd1 Rxd1 20. Kxd1 Na5 21. cxb4 cxb4 22.
Kc2 f6 23. Kd3 Kf7 24. Bb6 Nb7 25. Nd4 Bd6 26. Nc6 Ke8 27. Kc4 Kd7 28. Nxb4 Bxb4 29. Kxb4 Kc6 30. Bd4 Nd6 31. e5 fxe5 32. Bxe5 Nf5 33.
Ka5 Kb7 34. Kb4 Kc6 35. Kc4 g6 36. Bd4 Nd6+ 37. Kd3 Kd5 38. b4 Nb5 39. Bb2 Nd6 40. a4 Ne4 41. Bd4 Nd6 42. Bc5 Nb7 43. Be3 Nd6 44.
Bc5 Nc4 45. Kc3 e5 46. fxe5 Nxe5 47. Be3 Ng4 48. Bg1 Nf6 49. b5 axb5 50. axb5 Ne4+ 51. Kb4 Kd6 52. Kc4 Ng5 53. Be3 Nf3 54. Bf4+ Kd7 55.
b6 Kc8 56. h4 Kb7 57. Bc7 h5 58. Kd5 g5 59. Ke4 Nd2+ 60. Kd3 Nf3 61. Ke3 g4 62.
Kf4 Kc6 63. Kf5 1-0

[Event "*** Titled Tuesday Blitz"]
[Site "Chess.com"]
[Date "2018.11.06"]
[Round "6"]
[White "pultineviciuspaulius"]
[Black "GMHess"]
[Result "1/2-1/2"]
[WhiteElo "2582"]
[BlackElo "2665"]
[TimeControl "180+2"]
[EndTime "14:23:16 PST"]
[Termination "Game drawn - insufficient material"]

1. Nf3 g6 2. d4 Bg7 3. e4 c6 4. h3 d6 5. Bc4 d5 6. exd5 cxd5 7.
Bb3 Nc6 8. c3 Nf6 9. O-O O-O 10.
Re1 Bf5 11. Bf4 b5 12. Ne5 Na5 13. Bc2 Bxc2 14. Qxc2 Rc8 15. Qe2 Nc4 16. Nxc4 dxc4 17.
Be5 e6 18. a4 b4 19. cxb4 Nd5 20. b5 Bxe5 21. dxe5 Nf4 22. Qf3 Nd3 23. Re2 Qg5 24. Nc3 Nxe5 25. Qb7 Nd3 26. Ne4 Qe5 27. Qe7 Kg7 28.
Nc3 Qc5 29. Qxc5 Nxc5 30. Rd1 Rfd8 31. Red2 Rd3 32. Kf1 e5 33. Rxd3 Nxd3 34. b3 Nb2 35. Rb1 cxb3 36. Rxb2 Rxc3 37. a5 Rc1+ 38. Ke2 Ra1 39.
b6 Rxa5 40. Rxb3 axb6 41. Rxb6 f5 42. Rb7+ Kh6 43. g3 g5 44. g4 Ra2+ 45. Kf1 fxg4 46.
hxg4 Kg6 47. Rb6+ Kg7 48. Re6 Ra5 49. Kg2 Ra4 50. Kg3 e4 51. Re7+ Kg6 52. Re6+ Kf7 53.
Rh6 Kg7 54. Re6 Ra3+ 55. Kg2 Ra4 56. Kg3 h6 57. Kh3 Rd4 58. Kg3 Rc4 59. Kg2 e3 60. f3 Rc2+ 61. Kg3 Rc3 62. Kg2 Kf7 63. Re4 Kf6 64.
Kf1 Rc5 65. Ke2 Re5 66. Kxe3 Rxe4+ 67. Kxe4 Ke6 68. f4 gxf4 69. Kxf4 Kf6 70. Kg3 Kg5 71.
Kh3 h5 72. gxh5 Kxh5 1/2-1/2

[Event "*** Titled Tuesday Blitz"]
[Site "Chess.com"]
[Date "2018.11.06"]
[Round "6"]
[White "BjarkeSahl"]
[Black "ZuchBolt"]
[Result "1/2-1/2"]
[WhiteElo "2166"]
[BlackElo "2266"]
[TimeControl "180+2"]
[EndTime "14:23:16 PST"]
[Termination "Game drawn by agreement"]

1. d4 d5 2. Nf3 Nf6 3. Bf4 e6 4. c3 c5 5. e3 Qb6 6. Qb3 c4 7. Qxb6 axb6 8. Nbd2 b5 9. a3 b4 10. cxb4 Bxb4 11. Rc1 Be7 12. Be2 Nc6 13. O-O O-O 14. Ne5 Nxe5 15. dxe5 Nd7 16. e4 b5 17. exd5 exd5 18. Bf3 Bb7 19. Nb1 Nc5 20. Be3 Nd3 21.
Rc2 Nxe5 22. Bd4 Nxf3+ 23. gxf3 Bd6 24. Nc3 Bc6 25. Rd1 b4 26. axb4 Bxb4 27. Re2 Rfe8 28.
Re3 Re6 29. Rde1 Rae8 30. Kg2 Bd6 31. Rxe6 Rxe6 32. Ra1 f6 33. Ra5 Be5 34. Ne2 Bxh2 35. Ng3 Bxg3 36. Kxg3 Kf7 37. Ra7+ Re7 38. Ra6 Bd7 39. Ra5 Be6 40. f4 Rd7 41. Ra6 Bf5 42. Ra5 Be4 43. f3 Bf5 44. Ra6 Bc2 45. Ra5 Bb3 46.
Rb5 Ke6 47. Kg4 h6 48. f5+ Kf7 49. Kf4 Bc2 50. Rb6 Bd3 51. Rc6 Be2 52. Rb6 Bd3 53. Rc6 h5 54. Rb6 h4 55. Rb8 g5+ 56. fxg6+ Kxg6 57. Rh8 Rh7 58. Rxh7 Kxh7 59. Bxf6 h3 60. Kg3 Be2 61.
Kxh3 Bxf3 62. Kg3 Be4 63. Kf4 Kg6 64. Bd4 Kf7 65. Ke3 Ke6 66. Bc3 Kd6 67. Kd4 Kc6 68. Bd2 Kb5 69. Bc3 Ka4 70. Ke5 Kb3 71. Kd4 Kc2 72. Ke5 Kd3 73. Bd4 Bg2 74. Bc3 Bf3 75.
Bd4 Bh5 76. Bc3 Be8 77. Bd4 Ba4 78. Bc3 Bb3 79. Bd4 Bd1 80. Bc3 1/2-1/2

[Event "*** Titled Tuesday Blitz"]
[Site "Chess.com"]
[Date "2018.11.06"]
[Round "6"]
[White "Paralinch"]
[Black "Fins0905"]
[Result "0-1"]
[WhiteElo "2824"]
[BlackElo "2612"]
[TimeControl "180+2"]
[EndTime "14:23:24 PST"]
[Termination "Fins0905 won by resignation"]

1. e4 c5 2. Nf3 d6 3. d4 cxd4 4. Nxd4 Nf6 5. Nc3 Nc6 6. Be2 e5 7. Nf3 h6 8. O-O Be7 9. Re1 O-O 10. h3 Be6 11. Bf1 Nb8 12. Nd5 Nxd5 13. exd5 Bf5 14. c4 a5 15. b3 Na6 16. Bb2 Bg6 17. a3 Qb6 18. Nd4 Nc7 19. Nf3 Bf6 20. Rc1 Na6 21. Bc3 Nc5 22. b4 Ne4 23. c5 dxc5 24. bxa5 Nxc3 25.
axb6 Nxd1 26. Rexd1 Rxa3 27. Nd2 e4 28. Nc4 Ra2 29.
Rd2 Rxd2 30. Nxd2 Rd8 31. Bc4 Bg5 32. Rd1 Rd6 33. Nb3 Rxb6 34. Nxc5 Rb4 35. Be2 b6 36. Nb7 Rb2 37. Kf1 Bf5 38. Bg4 Bxg4 39. hxg4 Ra2 40. Rb1 e3 41. fxe3 Bxe3 42. d6 Rf2+ 43. Ke1 Rxg2 44.
Rb5 Bf4 45. d7 Bc7 46. Re5 Rxg4 47. Re8+ Kh7 48. Rc8 Bg3+ 49. Ke2 Bh4 50. d8=Q Bxd8 51. Nxd8 Re4+ 52. Kf3 Re8 53. Rb8 b5 54. Nc6 Rxb8 55. Nxb8 g5 56. Nc6 f5 57. Nd4 Kg6 58. Nxb5 h5 59.
Nd4 h4 60. Ke3 h3 61. Kf3 f4 62. Ne2 Kh5 63. Nd4 Kg6 64. Ne2 Kf5 65. Nd4+ Ke5 66. Nc6+ Kd5 67. Ne7+ Ke6 68. Nc6 g4+ 69. Kf2 Kd5 70.
Ne7+ Ke4 71. Ng6 g3+ 72. Kg1 f3 73. Nh4 f2+ 74. Kf1 h2 75. Kg2 0-1